 Dungeon Crawl Stone Soup version 0.28-a0-1213-g0243856f03 (webtiles) character file.

Game seed: 6153616995445084407

186 pokeman the Magician (level 5, -3/29 HPs)
             Began as a Deep Elf Hedge Wizard on Dec 21, 2021.
             Slain by Grinder (5 damage)
             ... while paralysed by Grinder
             ... on level 3 of the Dungeon.
             The game lasted 00:07:18 (3559 turns).

pokeman the Magician (Deep Elf Hedge Wizard)        Turns: 3559, Time: 00:07:19

Health: -3/29      AC:  4    Str:  7    XL:     5   Next: 38%
Magic:  13/15      EV:  2    Int: 21    God:
Gold:   133        SH:  0    Dex: 14    Spells: 5/16 levels left

rFire   . . .      SeeInvis .   l - +2 hunting sling (freeze)
rCold   . . .      Faith    .   (no shield)
rNeg    . . .      Spirit   .   j - +0 leather armour
rPois   .          Reflect  .   k - +0 helmet
rElec   .          Harm     .   (no cloak)
rCorr   .          Rampage  .   (no gloves)
Will    .....                   (no boots)
Stlth   ++........              (no amulet)
HPRegen 0.09/turn               (no ring)
MPRegen 0.14/turn               (no ring)

@: paralysed
A: no striking features
a: no special abilities


You were on level 3 of the Dungeon.
You visited 1 branch of the dungeon, and saw 5 of its levels.
You also visited: Sewer.

You collected 133 gold pieces.

Inventory:

Hand Weapons
 l - a +2 hunting sling of freezing (weapon)
Missiles
 a - 45 arrows
 m - 96 stones (quivered ammo)
 n - 36 sling bullets
Armour
 j - a +0 leather armour (worn)
 k - a +0 helmet (worn)
Scrolls
 d - 3 scrolls of fear {unknown}
 e - a scroll of vulnerability {unknown}
 f - a scroll of holy word {unknown}
 g - 3 scrolls of identify {unknown}
 o - a scroll of noise {unknown}
 q - a scroll of brand weapon {unknown}
 r - a scroll of magic mapping {unknown}
 s - a scroll of enchant armour {unknown}
 t - a scroll of enchant weapon {unknown}
 u - 2 scrolls of summoning {unknown}
 v - a scroll of fog {unknown}
 x - a scroll of torment {unknown}
Potions
 b - a potion of degeneration {unknown}
 c - 2 potions of curing {unknown}
 h - a potion of ambrosia {unknown}
 i - a potion of attraction {unknown}
 p - 4 potions of flight
 w - a potion of mutation


   Skills:
 - Level 1.0 Fighting
 - Level 1.0 Armour
 - Level 3.0 Dodging
 + Level 2.7 Stealth
 * Level 6.2 Spellcasting
 + Level 2.5 Conjurations
 - Level 1.1 Summonings
 - Level 1.1 Translocations
 - Level 1.1 Fire Magic
 + Level 0.8 Air Magic


You had 5 spell levels left.
You knew the following spells:

 Your Spells              Type           Power      Damage    Failure   Level
a - Magic Dart            Conj           68%        1d6       4%          1
b - Mephitic Cloud        Conj/Pois/Air  11%        N/A       26%         3
c - Call Imp              Summ           11%        N/A       13%         2
d - Blink                 Tloc           22%        N/A       13%         2
e - Conjure Flame         Conj/Fire      14%        6-21      19%         3

Your spell library contained the following spells:

 Spells                   Type           Power      Damage    Failure   Level
 Apportation              Tloc           22%        N/A       9%          1
 Summon Small Mammal      Summ           44%        N/A       9%          1
 Animate Skeleton         Necr           12%        N/A       14%         1
 Beastly Appendage        Tmut           12%        N/A       14%         1
 Slow                     Hex            24%        N/A       14%         1
 Wereblood                Tmut           6%         N/A       22%         2
 Spider Form              Tmut/Pois      6%         N/A       38%         3
 Irradiate                Conj/Tmut      6%         3d15      92%         5
 Blade Hands              Tmut           3%         N/A       98%         5
 Dragon Form              Tmut           3%         N/A       100%        7


Dungeon Overview and Level Annotations

Branches:
Dungeon (5/15)              Sewer (visited)
 Temple: D:4-7

Altars:

Annotations:
D:3 Grinder


Message History

There is an open door here.
There is an open door here.
As you open the door, it creaks loudly!
There is an open door here.
There is a stone staircase leading down here.
x - a scroll labelled MUMATOXARI A ball python, an endoplasm and Grinder come into view.
There is an escape hatch in the floor here.
Casting: Magic Dart (safe; 4% risk of failure)
Confirm with . or Enter, or press ? or * to list all spells.
The spell is quite dangerous to miscast (19% risk of failure)!
Continue anyway?
The fire begins to smoulder!
Grinder shouts!
The ball python hisses angrily.
The fire ignites!
Press: ? - help, v - describe, . - travel, g - get item
Here: Grinder Item here: a sedimented black potion.
The floor.
Unknown command.
Fire: 98 stones
Press: ? - help, Q - select action, (/) - cycle Shift-Dir - straight line, f - Grinder
Aim: Grinder (57% to hit)
You shoot a stone.
The stone hits Grinder but does no damage.
Unknown command.
Fire: 97 stones
Press: ? - help, Q - select action, (/) - cycle Shift-Dir - straight line, f/p - Grinder
Aim: Grinder (57% to hit)
You shoot a stone. The stone barely misses Grinder.
Grinder gestures at you.
You suddenly lose the ability to move!
Grinder says, "Wait up."
Grinder is engulfed in blazing flames.
Grinder hits you.
You writhe in agony.
Grinder is engulfed in blazing flames.
Grinder gestures at you. Pain shoots through your body!
Grinder is engulfed in blazing flames.
Grinder hits you!
* * * LOW HITPOINT WARNING * * *
You writhe in agony.
You die...

......... ..J.(....
........#.. #......
........#.##### #......
........#.# ... +......
...J.(..#.# ..#.##.[....
...5...S#.###.#.##......
#5#.#..... #......
###@#.#.#.####......
#....<..............
###..####.#.##########
#.##.........#.### ......
.......>.........+ ......
..##.............# ......
###############........#
...... #..........#
#........# ###+##
#.#####....####........#...


You could see Grinder, an endoplasm (wandering) and a ball python.

Vanquished Creatures
  A scorpion (D:3)
  2 adders
  An adder skeleton (D:4)
  8 worms
  4 dart slugs
  6 endoplasms
  5 giant cockroaches
  8 goblins
  4 hobgoblins
  4 jackals (Sewer)
  6 ball pythons
  10 bats
  3 frilled lizards
  4 kobolds
  3 rats (D:1)
69 creatures vanquished.

Vanquished Creatures (collateral kills)
  An adder (D:2)
1 creature vanquished.

Grand Total: 70 creatures vanquished

Notes
Turn   | Place    | Note
-------+----------+-------------------------------------------
     0 | D:1      | pokeman the Deep Elf Hedge Wizard began the quest for the
                  | Orb.
     0 | D:1      | Reached XP level 1. HP: 10/10 MP: 7/7
   604 | D:1      | Reached XP level 2. HP: 15/15 MP: 5/9
   688 | D:1      | Found a faded altar of an unknown god.
   925 | D:1      | Reached skill level 5 in Spellcasting
  1150 | D:1      | Reached XP level 3. HP: 19/20 MP: 6/11
  1154 | D:1      | Learned a level 3 spell: Mephitic Cloud
  1157 | D:1      | Learned a level 2 spell: Call Imp
  1160 | D:1      | Learned a level 2 spell: Blink
  1164 | D:1      | Learned a level 3 spell: Conjure Flame
  1365 | D:2      | Reached skill level 1 in Fighting
  1365 | D:2      | Reached skill level 1 in Armour
  2247 | D:3      | Noticed a centaur
  2258 | D:3      | You fall into a shaft and drop 2 floors!
  2258 | D:5      | Entered Level 5 of the Dungeon
  2301 | D:4      | Reached XP level 4. HP: 24/25 MP: 9/13
  2405 | D:3      | Noticed a scorpion
  2409 | D:3      | Killed a scorpion
  2410 | D:3      | Reached skill level 6 in Spellcasting
  2410 | D:3      | Reached skill level 1 in Fire Magic
  2416 | D:3      | Reached XP level 5. HP: 29/29 MP: 8/15
  2506 | D:3      | Found a glowing drain.
  2515 | Sewer    | Entered a sewer
  3550 | D:3      | Noticed Grinder
  3555 | D:3      | Paralysed by Grinder for 6 turns
  3559 | D:3      | Slain by Grinder

Illustrated notes

Levels and vault maps discovered:
D:1:      dpeg_arrival_rhombi, layout_loops_ring,
          dreamdust_ecumenical_altar_grove, minmay_tetromino_o4
D:2:      layout_loops_ring
D:3:      layout_basic, cheibrodos_sewer_entry_bend, kennysheep_crisscross,
          chequers_serial_rivers_room_a, chequers_arboretum,
          kennysheep_generic_room_4, uniq_grinder
D:4:      layout_basic
D:5:      layout_basic, goddamned_bats

Skill      XL: |  1  2  3  4 |
---------------+-------------+-----
Spellcasting   | 5 6 |  6.2
Fighting       | 1 |  1.0
Armour         | 1 |  1.0
Conjurations   | 2 |  2.5
Dodging        | 3 |  3.0
Fire Magic     | 1 |  1.1
Stealth        | |  2.7
Summonings     | |  1.1
Translocations | |  1.1
Air Magic      | |  0.8

Action                   |  1- 3 |  4- 6 || total
-------------------------+-------+-------++-------
Melee: Dagger            |     4 |       ||     4
 Fire: Hunting sling     |    18 |    16 ||    34
 Cast: Magic Dart        |    73 |    58 ||   131
       Conjure Flame     |     2 |     2 ||     4
       Mephitic Cloud    |     1 |     3 ||     4
       Call Imp          |     1 |     1 ||     2
       Blink             |       |     1 ||     1
 Stab: Sleeping          |     1 |       ||     1
Armor: Robe              |     5 |       ||     5
       Leather armour    |     3 |     2 ||     5
Dodge: Dodged            |    16 |     9 ||    25

Table legend: (Time is in decaauts)
 A = Elapsed time spent in this place.
 B = Non-inter-level travel time spent in this place.
 C = Inter-level travel time spent in this place.
 D = Time resting spent in this place.
 E = Time spent auto-exploring this place.
 F = Levels seen in this place.
 G = Mean time per level.
                   A        B        C        D        E       F      G
               +--------+--------+--------+--------+--------+-----+--------+
         Total |   3687 |   3598 |     89 |      0 |   2924 |   6 |  614.5 |
       Dungeon |   2714 |   2625 |     89 |      0 |   2064 |   5 |  542.8 |
         Sewer |    973 |    973 |      0 |      0 |    860 |   1 |  973.0 |
               +--------+--------+--------+--------+--------+-----+--------+

Top non-repeatable levels by time:
     D:1: 1245 daAuts
     D:2: 990 daAuts
   Sewer: 973 daAuts
     D:3: 401 daAuts
     D:4: 69 daAuts
     D:5: 7 daAuts
